Cogmind - Beta 16 @@@ ROGUE MODE // 2025.11.09 @ 20:16:02 Player: Minty Result: Self-destructed Performance ------------- Evolutions (6) 3000 Regions Visited (17) 3400 Robots Destroyed (222) 1110 Value Destroyed (8640) 8640 Prototype IDs (32) 640 Alien Tech Used (0) 0 Bonus (6321) 6321 TOTAL SCORE: 23111 Bonus ------- Triggered High Security 500 High Alert Combat Kills 1752 Follower Combat Kills 2646 Entered Garrisons 200 Met Imprinter 300 Was Imprinted 300 Acquired ECA 300 Built Enhanced Grunts 300 A7 Reached Mainframe 300 Friendly Fire -277 Cogmind --------- Core Integrity 910/1150 Matter 211/300 Energy 710/710 System Corruption 24% Temperature Cool (0) Movement Core (250) Ox4 Location -4/Factory Parts ------- > --- POWER (2) -------- Light Fission Core Micro Fission Core > --- PROPULSION (6) --- (None) > --- UTILITY (7) ------ Experimental Heat Sink (fused) Advanced Energy Well Core Analyzer Core Analyzer > --- WEAPON (4) ------- (None) > --- INVENTORY (5) ---- Cold Fusion Reactor Cold Fusion Reactor Rocket Launcher Improved Plasma Cutter Peak State ------------ > --- POWER ------------ Light Antimatter Reactor Quantum Reactor > --- PROPULSION ------- Improved Treads Improved Treads Armored Treads Medium Treads Centrium Heavy Treads > --- UTILITY ---------- Improved Heat Sink Experimental Heat Sink Large Storage Unit Triangulator Zionite Weapon Casing Centrium Medium Armor Plating Centrium Medium Armor Plating > --- WEAPON ----------- Advanced Variable Charge Gun Hypervelocity Coil Gun Hypervelocity Coil Gun Railgun > --- INVENTORY -------- Light Fission Core Cold Fusion Reactor Cold Fusion Reactor Cold Fusion Reactor Armored Wheel Zionite Biocell Advanced Terrain Scan Processor Cooled Plasma Cannon Matter Neutralizer Matter Neutralizer Matter Neutralizer Heavy Flak Cannon Rocket Launcher CR-A16's Pointy Stick [Rating: 119] Favorites ----------- Power Light Nuclear Core Engine Cooled Ion Engine Power Core Light Nuclear Core Reactor Cold Fusion Reactor Propulsion Light Treads Treads Light Treads Leg Carbon-fiber Leg Wheel Wheel Hover Unit Improved Hover Unit Utility Large Storage Unit Device Improved Heat Sink Storage Large Storage Unit Processor 0b10 Decoder Chip [Looter] Protection Centrium Medium Armor Plating Weapon Magnetic Acceleration Cannon Energy Gun Beam Rifle Energy Cannon Matter Neutralizer Ballistic Gun Hypervelocity Coil Gun Ballistic Cannon Magnetic Acceleration Cannon Launcher Mini Grenade Launcher Impact Weapon Mace Slashing Weapon Ripper Piercing Weapon CR-A16's Pointy Stick Special Melee Weapon Improved Datajack Build | -11 -10 -10 -9 -8 -8 -7 -7 -7 -7 -6 -6 -6 -6 -6 -6 -5 -4 ------- Run | Yrd Mat Min Mat Mat Gar Fac Low Low Zio Pro Fac Ext Cet Arc Hub Fac Fac Slots Evolved 12 | . . . 2 2 . 2 . . . . 2 . . . . 2 2 Power 1 | . . . . . . 1 . . . . . . . . . . . Propulsion 4 | . . . 2 . . 1 . . . . . . . . . . 1 Utility 5 | . . . . 1 . . . . . . 2 . . . . 1 1 Weapon 2 | . . . . 1 . . . . . . . . . . . 1 . Parts Attached 190 | . 11 4 18 10 11 24 3 . 3 1 47 26 7 5 2 3 15 Power 24 | . 2 . 3 . 2 4 . . . . 5 4 1 1 . . 2 Engine 12 | . 2 . 3 . 2 2 . . . . 2 1 . . . . . Core 7 | . . . . . . 2 . . . . 1 1 . 1 . . 2 Reactor 5 | . . . . . . . . . . . 2 2 1 . . . . Propulsion 68 | . 4 3 6 4 3 10 . . 2 . 17 12 1 . 2 1 3 Treads 34 | . . . 5 4 3 . . . . . 10 7 1 . 2 1 1 Leg 15 | . . . . . . 7 . . 2 . 1 3 . . . . 2 Wheel 15 | . . 3 1 . . 3 . . . . 6 2 . . . . . Hover 4 | . 4 . . . . . . . . . . . . . . . . Flight . | . . . . . . . . . . . . . . . . . . Utility 47 | . 1 . 3 2 1 5 . . . 1 12 7 3 3 . 2 7 Device 22 | . 1 . 1 1 . 3 . . . . 7 4 . 3 . 1 1 Storage 6 | . . . 2 1 . 1 . . . . . . . . . 1 1 Processor 11 | . . . . . . 1 . . . . 5 . 1 . . . 4 Hackware . | . . . . . . . . . . . . . . . . . . Protection 8 | . . . . . 1 . . . . 1 . 3 2 . . . 1 Artifact . | . . . . . . . . . . . . . . . . . . Weapon 51 | . 4 1 6 4 5 5 3 . 1 . 13 3 2 1 . . 3 Energy Gun 12 | . . . 3 3 2 1 . . . . 1 . 1 1 . . . Energy Cannon 6 | . 1 . . . . . . . . . 1 3 1 . . . . Ballistic Gun 8 | . . . 3 . 1 . . . . . 1 . . . . . 3 Ballistic Cannon 12 | . 1 . . . 1 1 1 . . . 8 . . . . . . Launcher 7 | . 1 1 . 1 . 3 . . 1 . . . . . . . . Special Weapon . | . . . . . . . . . . . . . . . . . . Impact Weapon 2 | . 1 . . . 1 . . . . . . . . . . . . Slashing Weapon 2 | . . . . . . . 1 . . . 1 . . . . . . Piercing Weapon 1 | . . . . . . . . . . . 1 . . . . . . Special Melee Weapon 1 | . . . . . . . 1 . . . . . . . . . . Unidentified Prototypes 18 | . . . 2 1 . . . . . . 5 3 3 2 . 1 1 Corrupted Parts 5 | . . . . . 1 2 . . . . . 1 1 . . . . System Corruption 23 | . . . . . 5 9 . . . . . 6 3 . . . . Parts Lost 94 | . 3 2 2 4 10 13 . . . 6 20 13 . . . . 21 Power 13 | . 1 . 1 . 2 3 . . . . 2 2 . . . . 2 Propulsion 42 | . 2 2 1 2 3 6 . . . 5 9 5 . . . . 7 Utility 19 | . . . . . 1 . . . . 1 6 4 . . . . 7 Weapon 20 | . . . . 2 4 4 . . . . 3 2 . . . . 5 Highest Loss Streak 13 | . 3 1 1 2 7 13 . . . 5 8 5 . . . . 8 To Critical Strikes . | . . . . . . . . . . . . . . . . . . Average Backups 12 | 6 7 7 9 9 10 14 14 13 12 11 13 14 14 14 14 13 14 Power 2 | 1 . . . 2 3 3 1 1 1 1 2 3 3 3 3 3 3 Propulsion . | 4 2 . . . . . . . . . . 2 3 3 3 3 1 Utility 3 | . . 1 1 . . 2 4 5 6 6 6 3 2 2 3 2 1 Weapon 5 | 1 3 6 7 7 6 7 7 6 4 4 4 5 6 5 5 5 7 Tool/Special . | . . . . . . . . . . . . . . . . . . Unused Backups 28 | . 12 . 3 . . 1 . 2 2 . 2 . . . . . 6 Power 5 | . 1 . 1 . . . . . . . . . . . . . 3 Propulsion 6 | . 6 . . . . . . . . . . . . . . . . Utility 5 | . 1 . 1 . . 1 . . . . 1 . . . . . 1 Weapon 10 | . 4 . 1 . . . . 1 1 . 1 . . . . . 2 Tool/Special 2 | . . . . . . . . 1 1 . . . . . . . . Average Slot Usage (%) 83 | . 89 82 91 95 73 91 74 84 80 51 84 92 76 91 93 93 78 Engine 4 | . 13 14 10 9 6 7 . . . . 2 8 . . . . . Core 2 | . . . . . . 3 7 7 7 7 2 2 . . . . 2 Reactor 3 | . . . . . . . . . . . 6 . 13 13 13 11 6 Treads 14 | . . . 18 34 27 7 . . . . 19 17 25 26 26 23 18 Leg 5 | . 16 . . . . 25 7 7 11 2 1 4 . . . . . Wheel 5 | . . 12 18 . . 2 23 23 23 2 1 6 . . . . . Hover 1 | . 11 12 . . . . . . . . . . . . . . . Device 9 | . 10 14 10 17 6 12 7 7 7 1 5 13 13 13 13 16 13 Storage 7 | . 14 14 11 9 9 7 7 7 7 7 6 6 6 6 6 5 5 Processor 6 | . . . . . . . 7 7 7 7 16 10 . . . . 1 Protection 3 | . . . . . 4 1 . . . 5 2 1 11 13 13 11 9 Energy Gun 4 | . 7 . 10 24 10 11 . . . . . . . 12 13 11 4 Energy Cannon 2 | . 4 . . . . . . . . . . 13 3 5 6 11 1 Ballistic Gun 1 | . 2 . 10 . 3 1 . . . . . . . . . . 10 Ballistic Cannon 4 | . 5 . . . 5 6 1 7 . . 14 3 . . . . . Launcher 1 | . . 1 . . . 1 2 . 4 7 . . . . . . . Slashing Weapon 1 | . . . . . . . 5 7 7 7 1 . . . . . . Peak Build Rating 119 | 6 10 10 17 23 20 40 31 33 32 31 70 70 91 96 100 111 119 Average Rating 46 | 6 7 8 13 21 13 32 26 32 30 23 54 58 70 94 96 110 102 On Entrance 39 | 6 6 10 8 16 19 19 21 31 33 31 22 59 61 71 94 100 111 Avg Prop Armor Cover (%) 10 | . . 8 13 . . 11 8 7 12 16 11 7 . . . . 3 Naked Turns . | . . . . . . . . . . . . . . . . . . Heaviest Build 98 | 13 17 15 25 39 43 52 37 37 30 33 73 77 98 84 84 95 96 Greatest Support 174 | 20 20 20 80 80 80 71 30 30 30 30 126 113 143 143 151 151 174 Greatest Overweight (x) 18 | . 4 2 1 . 1 7 1 1 . 10 18 4 . . . . 4 Average Overweight (x) . | . . . . . . . . 1 . 6 . . . . . . . Largest Inventory Capacity 15 | 8 8 8 10 15 15 15 15 15 15 15 15 15 15 15 15 15 15 Average Capacity 14 | 8 8 8 9 13 15 15 15 15 15 15 15 15 15 15 15 15 14 Most Carried 15 | 6 8 8 10 12 13 15 15 15 15 14 15 15 15 15 15 15 15 Average Carried 12 | 6 7 7 9 9 10 14 14 14 14 13 13 14 14 14 14 13 14 Final Capacity 15 | 8 8 8 10 15 15 15 15 15 15 15 15 15 15 15 15 15 5 Final Carried 15 | 6 7 8 10 12 10 11 15 15 14 13 15 14 15 14 15 15 4 Class Distribution -------------------- 28% | Mutant 22% | Scavenger-Mutant 18% | Scavenger-Tank 11% | Tank 6% | Scavenger-Skirmisher 4% | Scavenger-Gunner 3% | Skirmisher 3% | Gunner Dominant Class ---------------- Mutant | -10/Materials Mutant | -10/Mines Scavenger-Mutant | -9/Materials Scavenger-Mutant | -8/Materials Scavenger-Mutant | -8/Garrison Scavenger-Gunner | -7/Factory Scavenger-Mutant | -7/Lower Caves Scavenger-Mutant | -7/Lower Caves Scavenger-Mutant | -7/Zion Mutant | -6/Proximity Caves Tank | -6/Factory Scavenger-Skirmisher | -6/Extension Scavenger-Mutant | -6/Cetus Scavenger-Tank | -6/Archives Scavenger-Tank | -6/Hub_04(d) Scavenger-Tank | -5/Factory Scavenger-Tank | -4/Factory Resources | -11 -10 -10 -9 -8 -8 -7 -7 -7 -7 -6 -6 -6 -6 -6 -6 -5 -4 ----------- Run | Yrd Mat Min Mat Mat Gar Fac Low Low Zio Pro Fac Ext Cet Arc Hub Fac Fac Matter Collected 5648 | 180 188 134 389 106 328 463 230 . 17 100 1565 873 129 191 20 40 695 Remotely . | . . . . . . . . . . . . . . . . . . Salvage Created 7824 | . 435 378 845 644 500 941 177 . . 102 1624 1233 84 108 182 84 487 Parts 397 | . 28 12 50 34 31 65 3 . . 2 83 39 2 8 8 5 27 Haulers Intercepted 5 | . 1 . 1 . . . . . . . 2 . . . 1 . . Recyclers Shooed 7 | . . 1 . . . 1 . . . . 2 2 . . . . 1 Parts Field Recycled . | . . . . . . . . . . . . . . . . . . Retrieved Matter . | . . . . . . . . . . . . . . . . . . Parts Self-Destructed 4 | . . . . . . . 2 . . 2 . . . . . . . Prevented 1 | . . . . . . . . . . 1 . . . . . . . Parts Restored . | . . . . . . . . . . . . . . . . . . Kills | -11 -10 -10 -9 -8 -8 -7 -7 -7 -7 -6 -6 -6 -6 -6 -6 -5 -4 ------- Run | Yrd Mat Min Mat Mat Gar Fac Low Low Zio Pro Fac Ext Cet Arc Hub Fac Fac Combat Hostiles Destroyed 170 | . 14 3 19 10 19 20 3 . . 4 37 28 1 . 1 1 10 Melee 5 | . . . . . 2 . . . . . 3 . . . . . . Guns 42 | . 1 . 16 8 5 4 . . . . . . . . 1 . 7 Cannons 58 | . 7 . . . 7 5 . . . . 18 19 1 . . 1 . AOE 60 | . 6 3 2 2 5 10 3 . . 4 16 6 . . . . 3 Classes Destroyed 20 | . 5 2 2 2 1 2 . . . . 2 2 . 1 1 . . Worker 20 | . 2 4 2 1 . 2 . . . . 8 . . . 1 . . Builder 13 | . . 1 . . . 4 . . . . 6 1 . . . . 1 Tunneler 3 | . . 1 1 . . . . . . . 1 . . . . . . Hauler 5 | . 1 . 1 . . . . . . . 2 . . . 1 . . Recycler 10 | . 2 3 . 1 . 1 . . . . 2 1 . . . . . Mechanic 1 | . . . . . . . . . . . 1 . . . . . . Operator 3 | . . . . . . . . . . . . . . 3 . . . Watcher 1 | . . . . . . . . . . . . . . . 1 . . Swarmer 33 | . 9 3 . . 8 3 3 . . 1 6 . . . . . . Grunt 70 | . 5 . 14 3 4 6 . . . 2 20 13 . . . . 3 Brawler 9 | . . . 2 3 2 1 . . . . . 1 . . . . . Duelist 5 | . . . . 1 2 . . . . . . 2 . . . . . Protector 3 | . . . . . . 2 . . . . . 1 . . . . . Sentry 21 | . . . 3 2 2 1 . . . 1 6 3 . . 1 1 1 Specialist 4 | . . . . . 1 2 . . . . . . . . . . 1 Hunter 4 | . . . . 1 . 2 . . . . 1 . . . . . . Programmer 12 | . . . . . . 3 . . . . 3 1 . . . . 5 Heavy 1 | . . . . . . . . . . . 1 . . . . . . Behemoth 1 | . . . . . . . . . . . . 1 . . . . . Cetus Guard 1 | . . . . . . . . . . . . . 1 . . . . Assembled 5 | . . . . . . . . . . . . 5 . . . . . Thug 1 | . . . . . . . . . . . . 1 . . . . . Wizard 1 | . . . . . . . . . . . . . 1 . . . . Best Kill Streak 13 | . 6 7 7 7 6 13 3 . . 2 7 8 1 1 2 1 3 Combat Bots Only 9 | . 5 3 7 6 6 9 3 . . 2 7 8 1 . 1 1 3 Max Kills in Single Turn 4 | . 3 3 2 2 2 4 3 . . 1 4 3 1 1 2 1 1 Gunslinging 1 | . . . . 1 . . . . . . . . . . . . . Exploded 3 | . 2 3 2 1 2 3 3 . . 1 2 3 . . . . 1 Melee 1 | . . . . . 1 . . . . . 1 . . . . . . Uniques/NPCs Destroyed . | . . . . . . . . . . . . . . . . . . Combat | -11 -10 -10 -9 -8 -8 -7 -7 -7 -7 -6 -6 -6 -6 -6 -6 -5 -4 -------- Run | Yrd Mat Min Mat Mat Gar Fac Low Low Zio Pro Fac Ext Cet Arc Hub Fac Fac Hostile Shots Fired 1465 | . 98 15 74 59 115 156 3 . . 39 472 192 6 . 54 . 182 Missed 505 | . 43 3 18 20 33 63 2 . . 15 166 64 1 . 28 . 49 Hits 960 | . 55 12 56 39 82 93 1 . . 24 306 128 5 . 26 . 133 Melee 35 | . . . 1 4 20 . . . . . . 10 . . . . . Projectile 925 | . 55 12 55 35 62 93 1 . . 24 306 118 5 . 26 . 133 AOE 1 | . . . . . . . . . . . . 1 . . . . . Critical Strikes 30 | . 2 . 2 2 5 3 . . . 1 2 2 1 . 1 . 9 Part Disruptions 3 | . . . . . . . . . . . . . . . 1 . 2 Damage Taken 15732 | . 575 193 785 671 1371 1825 26 . . 506 3736 2126 121 . 285 72 3440 Core 2095 | . 91 30 89 100 278 396 14 . . 133 481 217 . . 26 . 240 Absorbed by Shields 269 | . . . . . . . . . . . . 206 63 . . . . Reduced by Siege Mode 55 | . . . . . . . . . . . . . . . . . 55 Redirected to Shielding 162 | . . . . . . . . . . . . 6 52 . . . 104 Ignored by Resistances 141 | . . . . . . . . . . . 141 . . . . . . Regen/Repaired (Parts) 43 | . . . . . . 43 . . . . . . . . . . . Core Remaining (%) 56 | 100 . 51 77 . 31 . . . . 22 . . . . 14 100 . Volleys Fired 476 | . 28 2 44 27 67 33 7 . . 10 90 60 7 41 7 4 49 Largest 4 | . 2 1 2 3 3 3 1 . . 1 3 3 3 1 3 4 4 Hottest 315 | . 93 33 112 171 145 152 40 . . 30 132 315 315 60 175 280 240 Shots Fired 1013 | . 46 2 84 58 140 91 7 . . 10 208 133 13 41 18 14 148 Gun 527 | . 23 . 82 54 103 53 . . . . . 11 1 41 13 6 140 Cannon 403 | . 17 . . . 30 28 6 . . . 184 115 10 . 5 8 . Launcher 83 | . 6 2 2 4 7 10 1 . . 10 24 7 2 . . . 8 Special . | . . . . . . . . . . . . . . . . . . Kinetic 450 | . 15 . 38 . 49 28 6 . . . 180 23 . . . . 111 Thermal 412 | . 25 . 44 37 33 53 . . . . 4 103 11 41 18 14 29 Explosive 74 | . 6 2 2 . 6 6 1 . . 10 24 7 2 . . . 8 Electromagnetic 77 | . . . . 21 52 4 . . . . . . . . . . . Robot Hit Streak 13 | . 4 3 12 13 13 10 3 . . 13 9 11 6 5 6 6 9 Robot Miss Streak 11 | . 4 . 4 4 11 5 2 . . . 11 3 2 4 1 3 6 Penetration Max 1 | . . . . . . 1 . . . . . . . . . . 1 Secondary Targets 4 | . . . . 3 . . . . . . . . . . . . 1 Max Gunslinging Chain 2 | . . . . 2 . . . . . . . . . . . . 1 Shots Hit Robots 680 | . 25 11 55 45 106 60 7 . . 11 131 83 6 23 14 6 97 Core Hits 443 | . 20 8 33 18 60 70 5 . . 19 92 61 7 10 5 2 33 Critical Kills 6 | . . . . . . . 2 . . . . 3 . . . . 1 Critical Parts Destroyed 21 | . . 3 . . . . . . . . . . . . . . 18 Critical Strikes 54 | . 1 3 2 2 3 5 3 . . 1 8 6 . . . . 20 Burn 11 | . 1 . 2 2 2 4 . . . . . . . . . . . Meltdown 3 | . . . . . . . . . . . . 3 . . . . . Destroy 22 | . . . . . . . 2 . . . . . . . . . 20 Blast 10 | . . . . . . 1 . . . . 6 3 . . . . . Corrupt 1 | . . . . . 1 . . . . . . . . . . . . Smash 3 | . . 3 . . . . . . . . . . . . . . . Sever 4 | . . . . . . . 1 . . 1 2 . . . . . . Melee Attacks 62 | . 2 16 . . 5 . 4 4 1 1 29 . . . . . . Impact 23 | . 2 16 . . 5 . . . . . . . . . . . . Slashing 26 | . . . . . . . 2 4 1 1 18 . . . . . . Piercing 11 | . . . . . . . . . . . 11 . . . . . . Sneak Attacks 19 | . 1 9 . . . . 2 . . 1 6 . . . . . . Combat Hostiles 1 | . . . . . . . . . . 1 . . . . . . . Follow-up Attacks . | . . . . . . . . . . . . . . . . . . Damage Inflicted 26124 | . 1146 854 1136 900 1945 2838 451 . . 737 7276 4496 379 808 487 185 2486 Guns 6381 | . 126 . 962 707 907 499 . . . . . 184 . 808 325 86 1777 Cannons 7936 | . 175 . . . 452 564 120 . . . 3270 2835 263 . 158 99 . Explosions 9506 | . 762 188 159 185 410 1694 173 . . 671 2999 1441 116 . . . 708 Melee 1927 | . 83 663 . . 95 . 158 . . 66 862 . . . . . . Ramming 374 | . . 3 15 8 81 81 . . . . 145 36 . . 4 . 1 Kinetic 6734 | . 97 . 419 . 613 564 120 . . . 3232 619 . . . . 1070 Thermal 7945 | . 291 . 543 441 375 857 . . . . 470 2522 263 808 483 185 707 Explosive 7763 | . 675 188 159 . 324 863 173 . . 671 2567 1319 116 . . . 708 Electromagnetic 1381 | . . . . 451 457 473 . . . . . . . . . . . Impact 841 | . 83 663 . . 95 . . . . . . . . . . . . Slashing 686 | . . . . . . . 158 . . 66 462 . . . . . . Piercing 400 | . . . . . . . . . . . 400 . . . . . . Highest Corruption 24 | . . . 1 . 5 13 13 13 13 . 2 10 13 13 1 . 24 Average Corruption 7 | . . . 1 . 5 5 13 13 13 . 1 5 12 9 1 . 11 Corruption Purged 15 | . . . . . . . . . . . 2 . . 13 . . . Corruption Blocked . | . . . . . . . . . . . . . . . . . . Effects 159 | . . . . . 15 18 17 6 3 . 18 27 20 15 1 . 19 Message Errors 38 | . . . . . 6 4 3 1 . . 3 6 6 3 . . 6 Matter Fused 39 | . . . . . 3 3 5 1 . . 5 10 3 7 . . 2 Heat Flow Errors 19 | . . . . . . 5 1 1 2 . 3 . 3 3 . . 1 Energy Discharges 14 | . . . . . 1 2 4 . . . 3 2 2 . . . . Parts Rejected 1 | . . . . . . . . . . . . . . . . . 1 Parts Fused 5 | . . . . . . . . 1 1 . . 1 1 . . . 1 Data Loss (minor) 16 | . . . . . 1 1 3 1 . . . 3 3 2 1 . 1 Data Loss (major) 8 | . . . . . 2 1 1 1 . . 2 . . . . . 1 Misfires 7 | . . . . . . . . . . . 2 3 . . . . 2 Alerts 3 | . . . . . . 2 . . . . . . 1 . . . . Misdirections 2 | . . . . . . . . . . . . 1 . . . . 1 Weapon Failures 7 | . . . . . 2 . . . . . . 1 1 . . . 3 Overload Shots 8 | . . . . . . . . . . . . 4 1 . . . 3 Overflow Damage 1209 | . 98 363 . . 29 38 78 . . 109 270 177 34 . . 13 . Projectiles 315 | . . . . . . . 12 . . . 104 152 34 . . 13 . Explosions 365 | . 98 9 . . 29 27 . . . 109 68 25 . . . . . Melee 529 | . . 354 . . . 11 66 . . . 98 . . . . . . Knockbacks 39 | . 1 3 . . 9 4 1 . . . 20 1 . . . . . Impact 7 | . . 3 . . 2 . . . . . 2 . . . . . . Kinetic 30 | . 1 . . . 7 3 1 . . . 17 1 . . . . . Secondary 2 | . . . . . . 1 . . . . 1 . . . . . . Self-Inflicted Damage 948 | . 43 24 7 . 41 313 13 . . 183 310 14 . . . . . Shots 31 | . 2 1 1 . 1 10 1 . . 5 9 1 . . . . . Rammed 55 | . 1 1 1 1 22 2 . . . . 20 6 . . . . 1 Targets Rammed 67 | . 1 1 2 3 23 6 . . . . 22 6 . . 1 . 2 Kicked 4 | . . . . . . 4 . . . . . . . . . . . Crushed 8 | . . . 1 2 1 . . . . . 2 . . . 1 . 1 Highest Temperature 570 | . 105 . 359 228 298 214 110 216 94 36 242 548 570 246 42 108 342 Average Temperature 91 | . 41 . 139 114 112 36 56 121 52 23 60 128 211 124 14 43 51 Received Heat Transfer 3327 | . 156 54 363 180 180 222 . . . 114 1170 732 . . 45 . 111 Effects 19 | . . . 6 . 1 . . . . . . 8 4 . . . . Shutdowns 4 | . . . . . . . . . . . . 2 2 . . . . Energy Bleed 4 | . . . 2 . 1 . . . . . . 1 . . . . . Interference 3 | . . . 2 . . . . . . . . 1 . . . . . Matter Decay 3 | . . . . . . . . . . . . 2 1 . . . . Short Circuit 2 | . . . 1 . . . . . . . . . 1 . . . . Damage (minor) 3 | . . . 1 . . . . . . . . 2 . . . . . Siege Activations 1 | . . . . . . . . . . . . . . . . . 1 Total Turns 34 | . . . . . . . . . . . . . . . . . 34 Longest Duration 34 | . . . . . . . . . . . . . . . . . 34 Martial Activations . | . . . . . . . . . . . . . . . . . . Shielding Activations . | . . . . . . . . . . . . . . . . . . Robots Disrupted . | . . . . . . . . . . . . . . . . . . Combat Hostiles . | . . . . . . . . . . . . . . . . . . Robots Corrupted 4 | . . 3 . . . 1 . . . . . . . . . . . Combat Hostiles . | . . . . . . . . . . . . . . . . . . Parts Fried 13 | . . 8 . 1 3 1 . . . . . . . . . . . Impact Corruptions 13 | . . 12 . . . 1 . . . . . . . . . . . Robots Melted 6 | . . . 1 . . 1 . . . . . 3 . . 1 . . Combat Hostiles 4 | . . . 1 . . 1 . . . . . 2 . . . . . Parts Melted 26 | . 2 . 4 1 . 6 . . . . . 7 . 1 2 . 3 Heat Transferred 12461 | . 642 . 1295 1110 1030 2148 . . . . 350 2894 259 1110 657 261 705 Parts Sabotaged . | . . . . . . . . . . . . . . . . . . Parts Stolen . | . . . . . . . . . . . . . . . . . . Parts Stripped . | . . . . . . . . . . . . . . . . . . Power Chain Reactions 3 | . . . . . 1 2 . . . . . . . . . . . Alert | -11 -10 -10 -9 -8 -8 -7 -7 -7 -7 -6 -6 -6 -6 -6 -6 -5 -4 ------- Run | Yrd Mat Min Mat Mat Gar Fac Low Low Zio Pro Fac Ext Cet Arc Hub Fac Fac Maximum Alert Level 5 | . 1 . 2 1 3 2 . . . . 3 5 4 2 2 3 3 Low Security (%) 25 | 100 95 100 58 59 9 . . . . . 32 . . . 54 . . Level 1 23 | . 4 . 38 40 24 79 . . . . 14 . . 27 9 79 39 Level 2 24 | . . . 3 . 49 19 . . . . 15 38 . 72 35 8 40 Level 3 17 | . . . . . 15 . . . . . 37 31 7 . . 12 20 Level 4 7 | . . . . . . . . . . . . 20 92 . . . . Level 5 . | . . . . . . . . . . . . 2 . . . . . High Security . | . . . . . . . . . . . . 6 . . . . . Max Security . | . . . . . . . . . . . . . . . . . . Peak Influence 2074 | . 244 111 407 275 797 438 . . . . 1036 2074 1267 550 676 809 724 Initial 1155 | . . 67 1 170 169 417 . . . . . 501 1155 434 116 319 396 Average 499 | . 96 51 186 184 467 320 . . . . 519 918 1171 451 328 388 553 Influence Increases 9625 | . 570 164 595 260 728 524 75 . . 224 1839 2233 182 241 656 570 764 Destroy 0b10 Robot/C 4540 | . 280 60 380 200 400 360 60 . . 140 880 960 80 80 160 120 380 Destroy 0b10 Robot/NC 365 | . 25 45 20 10 . 50 5 . . . 100 45 5 15 20 15 10 Destroy Leader 818 | . 62 10 92 50 20 62 10 . . 20 214 116 . . 56 34 72 Allied During Kill 1876 | . . . . . 5 . . . . 64 103 957 56 95 236 169 191 Successful Hack 117 | . 52 . 14 . . 3 . . . . 14 14 8 . . . 12 Select Force Hacks 30 | . 30 . . . . . . . . . . . . . . . . Disable Machine 390 | . 15 . 15 . . 15 . . . . 180 45 15 45 15 30 15 Anti-Garrison Action 750 | . . . . . 250 . . . . . 200 . . . 150 150 . Destroy Structure 559 | . 76 19 14 . 38 34 . . . . 133 96 18 6 19 52 54 Lose Combat Pursuer 180 | . 30 30 60 . 15 . . . . . 15 . . . . . 30 Influence Decreases 9025 | . 396 333 196 404 191 928 326 118 24 224 815 1193 1159 995 337 413 973 Entered New Map 4062 | . . 107 4 234 91 380 146 28 24 . . 523 909 653 217 333 413 Time Decay 3553 | . 216 206 172 130 . 398 180 90 . 164 565 440 230 302 110 80 270 Lost Part 940 | . 30 20 20 40 100 130 . . . 60 200 130 . . . . 210 Lost Ally 320 | . . . . . . 20 . . . . 50 100 20 40 10 . 80 Purge Threat 150 | . 150 . . . . . . . . . . . . . . . . Squads Dispatched 45 | . 3 . 3 3 . 3 . . . . 17 5 . . 5 3 3 Investigation 14 | . 2 . 2 1 . 1 . . . . 5 2 . . . . 1 Extermination 6 | . . . . . . 1 . . . . 4 . . . . . 1 Reinforcement 10 | . 1 . 1 . . 1 . . . . 2 1 . . 2 1 1 Assault 6 | . . . . . . . . . . . . 2 . . 2 2 . Garrison 9 | . . . . 2 . . . . . . 6 . . . 1 . . Intercept . | . . . . . . . . . . . . . . . . . . Searches Triggered . | . . . . . . . . . . . . . . . . . . Construction Impeded 2 | . . . . . . . . . . . . 1 . . . 1 . Haulers Reinforced 1 | . . . . . . . . . . . 1 . . . . . . Active Scanning Responses . | . . . . . . . . . . . . . . . . . . Cargo Convoy Interrupts 1 | . . . . . . 1 . . . . . . . . . . . Stealth | -11 -10 -10 -9 -8 -8 -7 -7 -7 -7 -6 -6 -6 -6 -6 -6 -5 -4 --------- Run | Yrd Mat Min Mat Mat Gar Fac Low Low Zio Pro Fac Ext Cet Arc Hub Fac Fac Distress Signals 10 | . . . 3 . . . . . . . 2 3 1 . . . 1 Communications Jammed 48 | . . . . . . 48 . . . . . . . . . . . Distress Signals 48 | . . . . . . 48 . . . . . . . . . . . Times Spotted 314 | . 22 5 24 11 21 35 3 . . 6 45 69 5 29 10 7 22 Peak Tracking Total 11 | . 7 2 8 6 6 8 . . . 3 8 11 5 1 6 4 5 Tactical Retreats 9 | . 1 1 3 . 1 . . . . . 1 . . . . . 2 Traps | -11 -10 -10 -9 -8 -8 -7 -7 -7 -7 -6 -6 -6 -6 -6 -6 -5 -4 ------- Run | Yrd Mat Min Mat Mat Gar Fac Low Low Zio Pro Fac Ext Cet Arc Hub Fac Fac Traps Triggered 7 | . . . 1 1 . . . . . . 1 2 . . . . 2 Indirectly . | . . . . . . . . . . . . . . . . . . Trap Hack Attempts . | . . . . . . . . . . . . . . . . . . Triggered . | . . . . . . . . . . . . . . . . . . Disarmed . | . . . . . . . . . . . . . . . . . . Reprogrammed . | . . . . . . . . . . . . . . . . . . Reused . | . . . . . . . . . . . . . . . . . . Traps Extracted . | . . . . . . . . . . . . . . . . . . Installed . | . . . . . . . . . . . . . . . . . . Triggered . | . . . . . . . . . . . . . . . . . . Machines | -11 -10 -10 -9 -8 -8 -7 -7 -7 -7 -6 -6 -6 -6 -6 -6 -5 -4 ---------- Run | Yrd Mat Min Mat Mat Gar Fac Low Low Zio Pro Fac Ext Cet Arc Hub Fac Fac Machines Disabled 33 | . 1 . 1 . 3 1 . . . . 12 5 1 3 2 3 1 Max in Single Turn 2 | . 1 . 1 . 1 1 . . . . 2 2 1 1 . . . Garrison Access 3 | . . . . . . . . . . . 1 . . . 1 1 . Garrison Relay 3 | . . . . . 3 . . . . . . . . . . . . Energy Cycler 2 | . . . . . . . . . . . . 2 . . . . . Machines Repaired . | . . . . . . . . . . . . . . . . . . Machines Dismantled . | . . . . . . . . . . . . . . . . . . Machines Sabotaged . | . . . . . . . . . . . . . . . . . . Overloaded Fab Kills . | . . . . . . . . . . . . . . . . . . Hacking | -11 -10 -10 -9 -8 -8 -7 -7 -7 -7 -6 -6 -6 -6 -6 -6 -5 -4 --------- Run | Yrd Mat Min Mat Mat Gar Fac Low Low Zio Pro Fac Ext Cet Arc Hub Fac Fac Machines Accessed 37 | . 9 . 4 2 2 3 2 1 . . 7 5 1 . . . 1 Terminals 20 | . 8 . 2 1 2 1 . . . . . 5 1 . . . . Fabricators 3 | . . . . . . . . . . . 3 . . . . . . Repair Stations 3 | . . . . . . 1 . . . . 1 . . . . . 1 Recycling Units 2 | . 1 . . . . . . . . . 1 . . . . . . Scanalyzers 3 | . . . 2 . . . . . . . 1 . . . . . . Garrison Access 3 | . . . . 1 . 1 . . . . 1 . . . . . . Total Hacks 117 | . 42 . 16 5 5 7 6 1 . . 18 9 4 . . . 4 Successful 65 | . 28 . 11 4 1 2 6 1 . . 5 4 2 . . . 1 Failed 52 | . 14 . 5 1 4 5 . . . . 13 5 2 . . . 3 Catastrophic 11 | . 3 . 1 . 1 . . . . . 1 2 2 . . . 1 Database Lockouts . | . . . . . . . . . . . . . . . . . . Manual 86 | . 35 . . 3 2 1 . . . . 12 17 1 . 11 2 2 Terminals 68 | . 41 . 4 4 5 1 . . . . . 9 4 . . . . Fabricators 8 | . . . . . . . . . . . 8 . . . . . . Repair Stations 9 | . . . . . . 2 . . . . 3 . . . . . 4 Recycling Units 3 | . 1 . . . . . . . . . 2 . . . . . . Scanalyzers 15 | . . . 12 . . . . . . . 3 . . . . . . Garrison Access 7 | . . . . 1 . 4 . . . . 2 . . . . . . Terminal Hacks 29 | . 13 . 2 1 . . 6 1 . . . 4 2 . . . . Record 7 | . . . . . . . 5 . . . . . 2 . . . . Robot Analysis 3 | . 3 . . . . . . . . . . . . . . . . Prototype ID Bank 2 | . 2 . . . . . . . . . . . . . . . . Open Door 6 | . . . . . . . 1 1 . . . 4 . . . . . Branch Access Points 2 | . 2 . . . . . . . . . . . . . . . . Terminal Index 2 | . 1 . . 1 . . . . . . . . . . . . . Alert Level 3 | . 3 . . . . . . . . . . . . . . . . Unreport Threat 1 | . 1 . . . . . . . . . . . . . . . . Locate Traps 2 | . 1 . 1 . . . . . . . . . . . . . . Patrol Status 1 | . . . 1 . . . . . . . . . . . . . . Fabricator Hacks 3 | . . . . . . . . . . . 3 . . . . . . Network Status 1 | . . . . . . . . . . . 1 . . . . . . Load Schematic 1 | . . . . . . . . . . . 1 . . . . . . Build 1 | . . . . . . . . . . . 1 . . . . . . Repair Station Hacks 3 | . . . . . . 2 . . . . . . . . . . 1 Scan Component 2 | . . . . . . 1 . . . . . . . . . . 1 Repair 1 | . . . . . . 1 . . . . . . . . . . . Recycling Unit Hacks . | . . . . . . . . . . . . . . . . . . Scanalyzer 9 | . . . 9 . . . . . . . . . . . . . . Insert Component 5 | . . . 5 . . . . . . . . . . . . . . Analyze 3 | . . . 3 . . . . . . . . . . . . . . Retrieve Study 1 | . . . 1 . . . . . . . . . . . . . . Garrison Access Hacks 1 | . . . . 1 . . . . . . . . . . . . . Unlock Access 1 | . . . . 1 . . . . . . . . . . . . . Unauthorized Hacks 20 | . 15 . . 2 1 . . . . . 2 . . . . . . Terminals 17 | . 14 . . 2 1 . . . . . . . . . . . . Botnet 7 | . 6 . . 1 . . . . . . . . . . . . . Disrupt 1 | . 1 . . . . . . . . . . . . . . . . Skim 8 | . 7 . . 1 . . . . . . . . . . . . . Override 1 | . . . . . 1 . . . . . . . . . . . . Fabricators 1 | . . . . . . . . . . . 1 . . . . . . Liberate 1 | . . . . . . . . . . . 1 . . . . . . Repair Stations . | . . . . . . . . . . . . . . . . . . Recycling Units 1 | . 1 . . . . . . . . . . . . . . . . Tunnel 1 | . 1 . . . . . . . . . . . . . . . . Scanalyzers . | . . . . . . . . . . . . . . . . . . Garrison Access 1 | . . . . . . . . . . . 1 . . . . . . Jam 1 | . . . . . . . . . . . 1 . . . . . . Data Cores Recovered 1 | . . . . . . . . . . . . . . . . 1 . Used . | . . . . . . . . . . . . . . . . . . Hacking Detections 31 | . 8 . 4 1 2 2 . . . . 7 5 1 . . . 1 Full Trace Events 12 | . 1 . 2 . 1 1 . . . . 4 2 . . . . 1 Feedback Events 1 | . . . . . . . . . . . . . . . . . 1 Corruption 1 | . . . . . . . . . . . . . . . . . 1 Feedback Blocked . | . . . . . . . . . . . . . . . . . . Robot Schematics Acquired . | . . . . . . . . . . . . . . . . . . Robots Built . | . . . . . . . . . . . . . . . . . . Authchips . | . . . . . . . . . . . . . . . . . . Time . | . . . . . . . . . . . . . . . . . . Total Robot Build Rating . | . . . . . . . . . . . . . . . . . . Part Schematics Acquired 13 | . . . 3 . . . . . . . . 10 . . . . . Parts Built 1 | . . . . . . . . . . . 1 . . . . . . Authchips . | . . . . . . . . . . . . . . . . . . Time 49 | . . . . . . . . . . . 49 . . . . . . Total Part Build Rating 2 | . . . . . . . . . . . 2 . . . . . . Part Studies Acquired 1 | . . . 1 . . . . . . . . . . . . . . Parts Repaired 1 | . . . . . . 1 . . . . . . . . . . . Time 32 | . . . . . . 32 . . . . . . . . . . . Parts Recycled . | . . . . . . . . . . . . . . . . . . Recycled Matter . | . . . . . . . . . . . . . . . . . . Retrieved Matter . | . . . . . . . . . . . . . . . . . . Retrieved Components . | . . . . . . . . . . . . . . . . . . Parts Scanalyzed 5 | . . . 5 . . . . . . . . . . . . . . Part Schematics Acquired 3 | . . . 3 . . . . . . . . . . . . . . Parts Damaged . | . . . . . . . . . . . . . . . . . . Bothacking | -11 -10 -10 -9 -8 -8 -7 -7 -7 -7 -6 -6 -6 -6 -6 -6 -5 -4 ------------ Run | Yrd Mat Min Mat Mat Gar Fac Low Low Zio Pro Fac Ext Cet Arc Hub Fac Fac Used RIF Installer . | . . . . . . . . . . . . . . . . . . Robots Hacked 1 | . . . . . . . 1 . . . . . . . . . . Non-combat . | . . . . . . . . . . . . . . . . . . Combat 1 | . . . . . . . 1 . . . . . . . . . . Robot Hacks Applied 1 | . . . . . . . 1 . . . . . . . . . . parse_system 1 | . . . . . . . 1 . . . . . . . . . . Relay Couplers Released 16 | . . . . . 13 . . . . . . . . . . 3 . Machine Destruction 16 | . . . . . 13 . . . . . . . . . . 3 . Fabnet Peak Effective % . | . . . . . . . . . . . . . . . . . . Robots Rewired 9 | . . . . . . . . . . . . 9 . . . . . Allies Hacked . | . . . . . . . . . . . . . . . . . . Hacks Repelled . | . . . . . . . . . . . . . . . . . . Allies | -11 -10 -10 -9 -8 -8 -7 -7 -7 -7 -6 -6 -6 -6 -6 -6 -5 -4 -------- Run | Yrd Mat Min Mat Mat Gar Fac Low Low Zio Pro Fac Ext Cet Arc Hub Fac Fac Total Allies 44 | . . . . . 1 . . . 4 . 1 25 5 . 3 3 2 Largest Group 21 | . . . . . 1 1 . . 4 4 4 21 9 9 9 9 10 Highest-Rated Group 1114 | . . . . . 20 20 . . 153 153 153 1114 833 833 776 757 878 Highest-Rated Ally 159 | . . . . . 20 20 . . 40 40 40 159 159 159 96 96 103 Zionite Dispatches 8 | . . . . . . . . . . . 1 3 . . 2 1 1 Heavy 3 | . . . . . . . . . . . . 1 . . 1 . 1 Light 2 | . . . . . . . . . . . . 1 . . . 1 . Hacker 1 | . . . . . . . . . . . . 1 . . . . . Kinetic Resupply 1 | . . . . . . . . . . . 1 . . . . . . Resource Resupply 1 | . . . . . . . . . . . . . . . 1 . . Initial Warlord ECA Mod 2 | . . . . . . 2 2 2 2 . . . . . . . . Total Orders 1 | . . . . . . . . . . . 1 . . . . . . DROP 1 | . . . . . . . . . . . 1 . . . . . . Ally Attacks 408 | . . . . . 4 4 . . . 4 54 175 33 30 27 33 44 Total Damage 11148 | . . . . . 42 65 . . . 149 798 4199 708 1107 1279 795 2006 Kills 80 | . . . . . 1 1 . . . 3 9 29 4 4 9 9 11 Allies Corrupted . | . . . . . . . . . . . . . . . . . . Allies Melted . | . . . . . . . . . . . . . . . . . . Intel | -11 -10 -10 -9 -8 -8 -7 -7 -7 -7 -6 -6 -6 -6 -6 -6 -5 -4 ------- Run | Yrd Mat Min Mat Mat Gar Fac Low Low Zio Pro Fac Ext Cet Arc Hub Fac Fac Active Infowar (turns) 8005 | . 417 423 287 270 357 866 360 182 700 100 2293 1116 60 . . 173 401 Optics 1619 | . . . . . . . . . . . 443 1116 60 . . . . Sensors 1606 | . . . . . . 34 360 182 700 100 137 93 . . . . . Terrain 882 | . . . . 270 357 254 . . . . 1 . . . . . . Seismic 1127 | . 417 423 287 . . . . . . . . . . . . . . Decoding 2847 | . . . . . . . . . . . 2293 554 . . . . . Triangulation 574 | . . . . . . . . . . . . . . . . 173 401 Jamming 594 | . . . . . . 594 . . . . . . . . . . . Robot Analysis Total 3 | . 3 . . . . . . . . . . . . . . . . Derelict Logs Recovered 5 | . . 1 . . . . 3 . 1 . . . . . . . . Drone Launches . | . . . . . . . . . . . . . . . . . . Drone Recoveries . | . . . . . . . . . . . . . . . . . . Decoded 0b10 Intel 187 | . . . . . . . . . . . 169 18 . . . . . Items 187 | . . . . . . . . . . . 169 18 . . . . . Zionite Intel Received 2 | . . . . . . . . . . . . 1 . . 1 . . Main Access 1 | . . . . . . . . . . . . . . . 1 . . Prototype Schematics 1 | . . . . . . . . . . . . 1 . . . . . Exploration | -11 -10 -10 -9 -8 -8 -7 -7 -7 -7 -6 -6 -6 -6 -6 -6 -5 -4 ------------- Run | Yrd Mat Min Mat Mat Gar Fac Low Low Zio Pro Fac Ext Cet Arc Hub Fac Fac Turns Passed 10966 | 2 524 423 438 271 786 941 360 182 700 710 2293 1179 495 665 231 175 591 Spaces Moved 6025 | 2 503 461 239 102 301 540 399 174 802 193 975 576 159 139 124 95 241 Core 122 | . 1 . . . . 3 . . . 110 7 . . . . . 1 Treads 2290 | . . . 59 102 301 9 . . . . 757 307 159 139 124 95 238 Legs 756 | 2 189 . . . . 422 . . . . 25 118 . . . . . Wheels 2348 | . . 265 180 . . 106 399 174 802 83 186 151 . . . . 2 Hover 509 | . 313 196 . . . . . . . . . . . . . . . Flight . | . . . . . . . . . . . . . . . . . . Fastest Speed 56 | 120 56 56 80 160 160 80 80 95 80 80 110 92 160 160 160 162 105 Average Speed 132 | 120 80 78 104 160 169 133 81 95 80 353 175 139 160 160 160 162 161 Slowest Speed 950 | 120 250 180 160 160 240 400 95 95 80 550 950 240 160 160 162 162 250 Overloaded Moves . | . . . . . . . . . . . . . . . . . . Propulsion Burnouts . | . . . . . . . . . . . . . . . . . . Robots Hopped . | . . . . . . . . . . . . . . . . . . Potential Cave-ins 5 | . . . . . . . . 2 . . . 1 . . . . 2 Cave-ins Triggered 1 | . . . . . . . . . . . . . . . . . 1 Exploration Rate (%) 43 | 2 78 67 32 13 53 14 58 38 83 48 32 75 72 80 18 5 10 Regions Visited 17 Branch Regions 9 Pre-discovered Areas 4 | . 1 1 . . . . 2 . . . . . . . . . . Known Exits Taken 9 | . 1 . . 1 . 1 1 1 1 1 1 . . . 1 . . Unknown Exits Taken 7 | 1 . 1 1 . . . . . . . . 1 1 1 . 1 . Scrap Searched 11 | . . . . . . . 4 2 4 1 . . . . . . . Spaces Dug 13 | . . 2 . . . . . 4 . . 7 . . . . . . Terrain Destroyed 574 | . 82 26 12 . 30 38 12 4 . 46 136 139 22 5 1 2 19 Melee 11 | . . 2 . . . . . 4 . . 5 . . . . . . Projectile 90 | . . . . . . 9 1 . . . 31 26 1 5 1 2 14 AOE 468 | . 82 24 12 . 30 29 11 . . 46 100 113 21 . . . . Terrain Rammed . | . . . . . . . . . . . . . . . . . . Walls Destroyed . | . . . . . . . . . . . . . . . . . . Machines Disabled . | . . . . . . . . . . . . . . . . . . Actions | -11 -10 -10 -9 -8 -8 -7 -7 -7 -7 -6 -6 -6 -6 -6 -6 -5 -4 --------- Run | Yrd Mat Min Mat Mat Gar Fac Low Low Zio Pro Fac Ext Cet Arc Hub Fac Fac Total 8010 | 1 578 489 345 154 426 685 420 186 861 214 1316 830 389 537 141 106 332 Wait 862 | . 2 2 20 4 9 45 4 3 43 10 101 52 207 347 5 3 5 Move 6008 | 1 502 460 238 101 300 539 398 173 801 192 974 576 158 138 123 94 240 Hop . | . . . . . . . . . . . . . . . . . . Pick Up 79 | . 13 1 6 4 3 14 3 2 6 . 18 1 1 1 1 1 4 Fast Attach 96 | . 3 3 7 4 7 13 3 . 1 . 22 14 2 3 . . 14 Attach 53 | . 6 . . 2 7 7 . . 1 1 14 4 2 2 . 2 5 Detach 28 | . 2 . 1 . 2 1 1 . 1 . 6 5 5 . . . 4 Swap 104 | . 6 3 16 6 3 12 . . 1 . 25 15 4 5 2 2 4 Drop 83 | . 13 1 11 3 . 15 . 4 6 . 15 6 3 . 2 . 4 Fire 476 | . 28 2 44 27 67 33 7 . . 10 90 60 7 41 7 4 49 Melee 62 | . 2 16 . . 5 . 4 4 1 1 29 . . . . . . Ram 6 | . 1 1 1 . . 2 . . . . . 1 . . . . . Kick 4 | . . . . . . 4 . . . . . . . . . . . Crush 56 | . . . 1 3 23 . . . . . 22 4 . . 1 . 2 Escape Stasis 5 | . . . . . . . . . . . . 4 . . . . 1 Rewire 88 | . . . . . . . . . . . . 88 . . . . . Trap . | . . . . . . . . . . . . . . . . . . Miscellaneous . | . . . . . . . . . . . . . . . . . . Route ------- -11/Scrapyard -10/Materials (discovered 3 exits: *Mat x2 / *Min) -10/Mines -9/Materials -8/Materials -8/Garrison (discovered 3 exits: *Fac x3) -7/Factory -7/Lower Caves -7/Lower Caves (discovered 2 exits: *Fac / *Zio) -7/Zion -6/Proximity Caves -6/Factory (discovered 6 exits: *Fac x4 / [*Low] / *Ext) -6/Extension (discovered 2 exits: *Fac / *Cet) -6/Cetus -6/Archives (discovered 3 exits: *Fac / *Hub x2) -6/Hub_04(d) (discovered 4 exits: *Fac x4) -5/Factory -4/Factory (discovered 1 exit: [*Res]) History --------- Turn | Location | Event 1 | -11/Scrapyard | Discovered new exit (range 1) 3 | -11/Scrapyard | Entered Materials 72 | -10/Materials | Discovered new exit (range 11) 198 | -10/Materials | Identified exit to Mines 328 | -10/Materials | Build established: Mutant 347 | -10/Materials | Discovered new exit (range 8) 456 | -10/Materials | Lost 3 parts (1p2n) 527 | -10/Materials | Entered Mines 528 | -10/Mines | Learned location of Storage (-7) 529 | -10/Mines | Learned Materials interactive machine intel 558 | -10/Mines | Met a Derelict bent on vengeance 927 | -10/Mines | Discovered new exit (range 7) 950 | -10/Mines | Entered Materials 950 | -9/Materials | Evolved 2 slots: Propulsion x2 951 | -9/Materials | Loaded intel: 17 interactive machine locations 1183 | -9/Materials | Discovered new exit (range 15) 1269 | -9/Materials | Destroyed 7 combat bots 1388 | -9/Materials | Entered another Materials area 1388 | -8/Materials | Evolved 2 slots: Utility x1, Weapon x1 1499 | -8/Materials | Garrison activated, responded to threat 1651 | -8/Materials | Identified exit to Garrison 1659 | -8/Materials | Entered Garrison 1687 | -8/Garrison | Triggered checkpoint 1762 | -8/Garrison | Garrison Relay disabled 1802 | -8/Garrison | Garrison Relay disabled 1849 | -8/Garrison | Triggered checkpoint 1918 | -8/Garrison | Core integrity fell below 50% 1949 | -8/Garrison | Lost 7 parts (1p2n1u3w) 1957 | -8/Garrison | Spotted B-75 Beast 2101 | -8/Garrison | Triggered checkpoint 2175 | -8/Garrison | Rescued a captive Derelict 2193 | -8/Garrison | Garrison Relay disabled 2413 | -8/Garrison | Discovered new exit (range 11) 2422 | -8/Garrison | Identified exit to Factory 2445 | -8/Garrison | Entered Factory 2445 | -7/Factory | Accompanied by 1 ally 2445 | -7/Factory | Evolved 2 slots: Power x1, Propulsion x1 2493 | -7/Factory | Build established: Scavenger-Tank 2992 | -7/Factory | Build established: Scavenger-Gunner 3052 | -7/Factory | Repaired Imp. Ion Engine 3237 | -7/Factory | Cargo convoy interrupted 3262 | -7/Factory | Core integrity fell below 50% 3277 | -7/Factory | System corruption reached 10% 3283 | -7/Factory | Destroyed 9 combat bots 3291 | -7/Factory | Lost 13 parts (3p6n4w) 3370 | -7/Factory | Discovered new exit (range 8) 3375 | -7/Factory | Identified exit to Lower Caves 3386 | -7/Factory | Entered Lower Caves 3392 | -7/Lower Caves | Met a Warlord Commander 3393 | -7/Lower Caves | Learned location of Warlord (-4) 3394 | -7/Lower Caves | Warlord Commander delivered Encrypted Comm Array 3396 | -7/Lower Caves | Found Encrypted Comm Array 3499 | -7/Lower Caves | Entered an active Warlord outpost 3513 | -7/Lower Caves | Learned Factory trap positions 3513 | -7/Lower Caves | Learned Research security intel 3513 | -7/Lower Caves | Learned Extension garrison access intel 3573 | -7/Lower Caves | Encountered a Warlord checkpoint 3579 | -7/Lower Caves | Learned location of Zion (-7) 3630 | -7/Lower Caves | Build established: Scavenger-Mutant 3731 | -7/Lower Caves | Identified exit to Lower Caves 3746 | -7/Lower Caves | Entered another Lower Caves area 3747 | -7/Lower Caves | Identified exit to Factory 3825 | -7/Lower Caves | Found Prototype Device 3923 | -7/Lower Caves | Discovered new exit (range 5) 3927 | -7/Lower Caves | Identified exit to Zion 3928 | -7/Lower Caves | Entered Zion 3963 | -7/Zion | Given the Hacking Drone Bay 3971 | -7/Zion | System corruption cleaned by Quarantine Array 4136 | -7/Zion | Met Imprinter 4148 | -7/Zion | Imprinted 4150 | -7/Zion | Declared Zion's savior 4273 | -7/Zion | Given A8's code to call for help 4287 | -7/Zion | Learned location of 1 exit from Factory 4398 | -7/Zion | Found CR-A16's Pointy Stick 4528 | -7/Zion | Discovered new exit (range 14) 4589 | -7/Zion | Identified exit to Proximity Caves 4596 | -7/Zion | Build established: Mutant 4628 | -7/Zion | Entered Proximity Caves 4628 | -6/Proximity Caves | Accompanied by 4 allies 4644 | -6/Proximity Caves | Attracted the attention of an 0b10 checkpoint 4768 | -6/Proximity Caves | Lost 5 parts (4n1u) 5338 | -6/Proximity Caves | Entered Factory 5338 | -6/Factory | Accompanied by 4 allies 5338 | -6/Factory | Evolved 2 slots: Utility x2 5339 | -6/Factory | Identified exit to Factory 5339 | -6/Factory | Identified exit to Extension 5341 | -6/Factory | Loaded intel: 80 trap records 5606 | -6/Factory | Zion Kinetic Resupply teleported in 5748 | -6/Factory | Build established: Tank 6084 | -6/Factory | Garrison activated, responded to threat 6096 | -6/Factory | Fabricated Cld. Ion Engine (x1) 6440 | -6/Factory | Destroyed 7 combat bots 6843 | -6/Factory | Lost 8 parts (5n1u2w) 6880 | -6/Factory | Terminal network hard line cut 6935 | -6/Factory | Discovered exit to Factory (range 15) 6949 | -6/Factory | Lost 6 parts (1p3n1u1w) 6997 | -6/Factory | Core integrity fell below 50% 7024 | -6/Factory | Lost 5 parts (1p1n3u) 7103 | -6/Factory | Build established: Mutant 7253 | -6/Factory | Discovered new exit (range 5) 7631 | -6/Factory | Entered Extension 7636 | -6/Extension | Disrupted transfer network 7702 | -6/Extension | Build established: Skirmisher 7706 | -6/Extension | Assembled infested ambush trap array 7755 | -6/Extension | Lost 3 parts (1p1n1u) 7782 | -6/Extension | Destroyed 8 combat bots 7790 | -6/Extension | Rescued a captive Derelict 7791 | -6/Extension | Rescued a captive Derelict 7900 | -6/Extension | Enhanced Grunt warped into view, answering call for help 7907 | -6/Extension | Enhanced Grunt warped into view, answering call for help 7908 | -6/Extension | Zion Hacker squad teleported in 7935 | -6/Extension | Zion Light squad teleported in 8011 | -6/Extension | Spotted B-75 Beast 8059 | -6/Extension | Destroyed B-75 Beast 8068 | -6/Extension | Spotted B-75 Beast 8098 | -6/Extension | Lost 3 allies 8114 | -6/Extension | Lost 5 parts (2n2u1w) 8151 | -6/Extension | Rescued a captive Derelict 8197 | -6/Extension | Rescued A7 8444 | -6/Extension | Retrieved Zion intel report: Prototype Schematics 8445 | -6/Extension | Zion Heavy squad teleported in 8460 | -6/Extension | Build established: Scavenger-Skirmisher 8466 | -6/Extension | Rescued a captive Derelict 8467 | -6/Extension | Rescued a captive Derelict 8577 | -6/Extension | Energy Cycler disabled 8578 | -6/Extension | Rescued a captive Derelict 8578 | -6/Extension | Rescued a captive Derelict 8579 | -6/Extension | Rescued a captive Derelict 8580 | -6/Extension | Rescued a captive Derelict 8581 | -6/Extension | Rescued a captive Derelict 8681 | -6/Extension | First assault squad dispatched 8701 | -6/Extension | System corruption reached 10% 8724 | -6/Extension | Core integrity fell below 20% 8730 | -6/Extension | High security lockdown imminent 8745 | -6/Extension | Found Prototype Protection 8745 | -6/Extension | Identified Zio. Weapon Casing 8786 | -6/Extension | Discovered exit to Factory (range 10) 8788 | -6/Extension | Discovered new exit (range 6) 8810 | -6/Extension | High security lockdown engaged 8810 | -6/Extension | Entered Cetus 8810 | -6/Cetus | Accompanied by 6 allies (A7) 8815 | -6/Cetus | Acquired a Cetus Manufacturing Module code from A7 8831 | -6/Cetus | Spotted Cetus Guard 8831 | -6/Cetus | Spotted Cetus Guard 8836 | -6/Cetus | Spotted Cetus Guard 8836 | -6/Cetus | Spotted Cetus Guard 8836 | -6/Cetus | Destroyed Cetus Guard 8840 | -6/Cetus | Allies destroyed Cetus Guard 8847 | -6/Cetus | Allies destroyed Cetus Guard 8856 | -6/Cetus | Allies destroyed Cetus Guard 8941 | -6/Cetus | Started Cetus Manufacturing Module 8966 | -6/Cetus | Manufactured an Enhanced Grunt 8991 | -6/Cetus | Manufactured an Enhanced Grunt 9016 | -6/Cetus | Manufactured an Enhanced Grunt 9041 | -6/Cetus | Manufactured an Enhanced Grunt 9066 | -6/Cetus | Manufactured an Enhanced Grunt 9160 | -6/Cetus | Escorted A7 to Cetus Mainframe 9187 | -6/Cetus | Build established: Scavenger-Mutant 9258 | -6/Cetus | Discovered new exit (range 16) 9305 | -6/Cetus | Entered Archives 9305 | -6/Archives | Accompanied by 9 allies (A7) 9310 | -6/Archives | Received a hacking code to weaken MAIN.C 9350 | -6/Archives | Unable to access archive contents 9356 | -6/Archives | Discovered exit to Factory (range 15) 9389 | -6/Archives | Discovered new exit (range 16) 9404 | -6/Archives | Discovered new exit (range 15) 9620 | -6/Archives | Build established: Scavenger-Tank 9970 | -6/Archives | Entered Hub_04(d) 9970 | -6/Hub_04(d) | Accompanied by 6 allies 9987 | -6/Hub_04(d) | Zion Heavy squad teleported in 10008 | -6/Hub_04(d) | Zion Resource Resupply teleported in 10072 | -6/Hub_04(d) | Garrison activated, responded to threat 10107 | -6/Hub_04(d) | Retrieved Zion intel report: Main Access 10201 | -6/Hub_04(d) | Entered Factory 10201 | -5/Factory | Accompanied by 6 allies 10201 | -5/Factory | Evolved 2 slots: Utility x1, Weapon x1 10286 | -5/Factory | Discovered new exit (range 16) 10328 | -5/Factory | Zion Light squad teleported in 10376 | -5/Factory | Entered another Factory area 10376 | -4/Factory | Accompanied by 8 allies 10376 | -4/Factory | Evolved 2 slots: Propulsion x1, Utility x1 10526 | -4/Factory | Zion Heavy squad teleported in 10585 | -4/Factory | Lost 3 allies 10634 | -4/Factory | Found Zio. Weapon Casing 10660 | -4/Factory | Lost 6 allies 10720 | -4/Factory | System corruption reached 10% 10772 | -4/Factory | Lost 5 parts (1p2n2u) 10777 | -4/Factory | Crushed by falling debris 10852 | -4/Factory | Discovered new exit (range 11) 10859 | -4/Factory | Lost 8 parts (1p3n2u2w) 10967 | -4/Factory | Self-destructed Last Messages --------------- 10917_ Discarded Core Analyzer. 10917_ Acquired Prototype Storage. 10917_ Identified Adv. Energy Well. 10947_ R5WW= QFIQI7POSB2%XLS H 10953_ Penetrated by Slug. 10953_ Hyp. Coil Gun destroyed. 10953_ Centrium Medium Armor Plating destroyed. 10954_ Acquired Imp. Plasma Cutter. 10955_ Railgun destroyed. 10955_ Core Analyzer destroyed. 10955_ Critical hit (Blast). 10959_ Penetrated by Slug. 10959_ Centrium Heavy Treads destroyed. 10959_ Lrg. Storage Unit destroyed. 10962_ System corrupted: Matter fused (-8). 10963_ Dropped Hvy. Flak Cannon. 10965_ Acquired Cold Fusion Reactor. 10966_ Penetrated by Slug. 10966_ Arm. Wheel destroyed. 10966_ Knocked back. Map ----- +----------------------------------------------------+ | ??????????????# ####### ^ | | ???????######## #?????# ##""## | | ???????# #?????###########?###? | | ???????# #????????????????????? | | ???????# ! ! #????????????????????? | | ???????# ! #????????????????????? | | ???????# ^ ! #????????????????????? | | ???????# #????????????????????? | | ???????# ###########??????????? | | ???????# ^ ?????????? | | ???????# """ ?????????? | | ???????+ """ ?????????? | | ???????# """ ?????????? | | ???????# ?????????? | | ???????## !!! ########## ??????????? | | ????????# !! #?????????????????????? | | ????????# !! #?????????????????????? | | ????????# #?????????????????????? | | ????????# #?????????????????????? | | ????????########u #?????????????????????? | | ???????????????# #?????????????????????? | | ???????????????# #?????????????????????? | | ???????????????# #?????????????????????? | | ??????????????## %]#?????????????????????? | | ????#+#########;]!!##????????????????????? | | ????# ]]@* ######### ????????? | | ???????# ]]/ ???????? | | ???????# % ???????? | | ???????# % ! ???????? | | ???????# !| ???????? | | ???????#####+## || H??????? | | ??????????????# """ ] ????????? | | ??????????????# """ ????????? | | ??????????????# """ """?????????? | | ??????????????+ [[ ""??????????? | | ??????????????# [[ """ ? "???????????? | | ??????????????# [[ """ ??? ???????????? | | ?????????????? ""??????????????????? | | ?????????????? ???????????????????? | | ????????????? """ "???????????????????? | | ????????????? """ "???????????????????? | | ???????????? ??? "???????????????????? | | ?????????????? ??? ???????????????????? | | ?????????????????????????????????????????? | | ?????????????????????????????????????????? | | ?????????????????????????????????????????? | | ?????????????????????????????????????????? | | ?????????????????????????????????????????? | | ?????????????????????????????????????????? | | ?????????????????????????????????????????? | +----------------------------------------------------+ Best States ------------- Heat Dissipation 83 Energy Generation 48 Energy Capacity 710 Matter Stores 300 Matter Capacity 300 Sight Range 22 Robot Scan Range 16 Terrain Scan Range 16 Terrain Scan Density 210 Jamming Range 12 Power Amplification 20 Armor Coverage 900 Resistance: TH 20 Weapon Shielding 100 Evasion (%) 55 Core Analysis 9 Recoil Reduction 9 Kinecelleration 30 Item Schematics ----------------- Cld. Ion Engine | -9/Materials | Scanalyzed EMP Blaster | -9/Materials | Scanalyzed Rocket Launcher | -9/Materials | Scanalyzed Cld. Pulse Rifle | -6/Extension | Z-intel Enh. Autogun | -6/Extension | Z-intel Com. Ion Cannon | -6/Extension | Z-intel Cld. VTOL Module | -6/Extension | Z-intel Cld. Airjet | -6/Extension | Z-intel Cld. Deuterium Engine | -6/Extension | Z-intel Imp. Spread Laser | -6/Extension | Z-intel Exp. Power Shielding | -6/Extension | Z-intel Biomechanical Wings | -6/Extension | Z-intel Shock Maul | -6/Extension | Z-intel Robot Schematics ------------------ None Fabricated ------------ Cld. Ion Engine | x1 | -6/Factory Repaired ---------- Imp. Ion Engine | 38% | -7/Factory Studied --------- Rocket Launcher | -9/Materials | Hacked Alien Tech Used ----------------- None Achievements -------------- None Challenges ------------ None Game ------ Seed GravityVampiricBoomstick Manual? 0 Play Time 01:32:32 Cumulative 1216.0 hours Start 2025.11.08 @ 19:13:47 End 2025.11.09 @ 20:16:02 Sessions 7 Manual Loads 0 Difficulty Rogue Special Mode None Game No. 1494 Rogue 1210 Adventurer 124 Explorer 160 Win Type - Total 56 Types 42/0/8/4/1/0/0/1/0/0 Lore% 92 Gallery% 86 Achievement% 64 Wizard Run 0 Options --------- Layout 0 ASCII 0 Keyboard 1 Movement Numpad Keybinds 0 Fullscreen 2 Font 18/X11 Map View 38x25 Zoom Use 50% Tactical HUD 1 Map Filters NONE Filters NONE Steam 1 RUN: a398ea06-d15e-405b-8f89-769539889ae1